 Dungeon Crawl Stone Soup version 0.30.0-5-g1a98f26d00 (webtiles) character file.

Game seed: 12127854171769989063

35 qeuew the Digger (level 3, -5/20 HPs)
             Began as a Gargoyle Earth Elementalist on May 12, 2023.
             Slain by a gnoll
             ... wielding a +0 club
              (6 damage)
             ... on level 2 of the Dungeon.
             The game lasted 00:01:27 (1235 turns).

qeuew the Digger (Gargoyle Earth Elementalist)      Turns: 1235, Time: 00:01:27

Health: -5/20      AC:  5    Str: 13    XL:     3   Next: 35%
Magic:  3/6        EV:  6    Int: 15    God:
Gold:   65         SH:  0    Dex: 10    Spells: 2/6 levels left

rFire   . . .        b - +0 mace
rCold   . . .        (no shield)
rNeg    + . .        a - +0 robe
rPois   ∞            (no helmet)
rElec   +            (no cloak)
rCorr   .            (no gloves)
SInv    .            (no boots)
Will    .....        (no amulet)
Stlth   ++           (no ring)
HPRegen 0.23/turn    (no ring)
MPRegen 0.10/turn

%: no passive effects
@: held
A: sickness immunity, AC +3, negative energy resistance 1, electricity
resistance, torment resistance 1, petrification resistance
a: no special abilities


You were on level 2 of the Dungeon.
You visited 1 branch of the dungeon, and saw 2 of its levels.

You collected 65 gold pieces.

Inventory:

Hand Weapons
 b - a +0 mace (weapon)
Armour
 a - a +0 robe (worn)
Scrolls
 c - 2 scrolls of identify {unknown}
 d - 2 scrolls of blinking {unknown}
 f - a scroll of immolation {unknown}
 g - a scroll of fear {unknown}
 h - a scroll of amnesia {unknown}
 j - a scroll of enchant weapon {unknown}
Potions
 e - a potion of brilliance {unknown}
 i - a potion of flight {unknown}


   Skills:
 + Level 0.7 Fighting
 + Level 0.4 Maces & Flails
 * Level 1.2 Armour
 - Level 1.5 Dodging
 + Level 2.4 Stealth
 * Level 2.4 Spellcasting
 + Level 0.0 Conjurations
 - Level 0.7 Transmutations
 * Level 4.1 Earth Magic


You had 2 spell levels left.
You knew the following spells:

 Your Spells              Type           Power      Damage    Failure   Level
a - Sandblast             Erth           28%        2d8       4%          1
b - Stone Arrow           Conj/Erth      16%        3d8       26%         3

Your spell library contained the following spells:

 Spells                   Type           Power      Damage    Failure   Level
 Passwall                 Tmut/Erth      7%         N/A       12%         2
 Kiss of Death            Conj/Necr      4%         2d5       22%         1
 Confusing Touch          Hex            1%         N/A       54%         3
 Frozen Ramparts          Ice            2%         1d1       54%         3
 Petrify                  Tmut/Erth      9%         N/A       61%         4
 Ice Form                 Ice/Tmut       2%         N/A       88%         4
 Dispel Undead            Necr           1%         3d6       91%         4
 Summon Ice Beast         Ice/Summ       1%         N/A       91%         4


Dungeon Overview and Level Annotations

Branches:
Dungeon (2/15)

Altars:


Innate Abilities, Weirdness & Mutations

You are immune to sickness and miasma.
Your stone body is resilient. (AC +3)
You are immune to poison.
You resist negative energy. (rN+)
You are resistant to electric shocks. (rElec)
You are resistant to unholy torment.
You are immune to petrification.


Message History

You miscast Sandblast.
You are very lightly contaminated with residual magic.
Nothing appears to happen.
The dart slug launches a dart at you. The slug dart misses you.
A dart slug is nearby! 3 gnolls come into view.
The blast of sand hits the dart slug.
The dart slug is lightly wounded.
The dart slug bites you but does no damage.
There are monsters nearby!
The blast of sand hits the dart slug!
You kill the dart slug!
The gnoll shouts! x2
A gnoll comes into view. It is wielding a +0 whip.
Found 5 gold pieces.
There are monsters nearby!
The blast of sand hits the gnoll!
The gnoll is severely wounded.
The gnoll shouts! x2
Your magical contamination has completely faded away.
You barely miss the gnoll.
The gnoll is severely wounded.
The gnoll throws a throwing net.
The throwing net hits you.
You become entangled in the net!
The gnoll closely misses you. The gnoll hits you with a +0 whip.
There are monsters nearby!
You are held in a net!
You are held in a net!
Unknown command.
Okay, then.
You struggle against the net.
The gnoll barely misses you. The gnoll hits you with a +0 whip!
Unknown command.
You struggle against the net.
The gnoll hits you with a +0 club.
The gnoll hits you but does no damage. x2
You struggle against the net.
The gnoll hits you with a +0 whip!
* * * LOW HITPOINT WARNING * * *
The gnoll hits you with a +0 club.
You die...

# #. ##.# #
#.###..# .
#.....## # #.
#...####### ..
#..........
#.###.########
#............
.####..########
#.......@g......
...#....ggg.....
# #............
#............
#...........$
#############


You could see 4 gnolls.

Vanquished Creatures
  2 dart slugs
  2 ball pythons (D:1)
  3 bats
  3 endoplasms (D:1)
  A giant cockroach (D:1)
  3 goblins (D:1)
  A hobgoblin (D:1)
  4 quokkas
  A frilled lizard (D:1)
  4 kobolds (D:1)
  3 rats (D:1)
27 creatures vanquished.

Notes
Turn   | Place    | Note
-------+----------+-------------------------------------------
     0 | D:1      | qeuew the Gargoyle Earth Elementalist began the quest for
                  | the Orb.
     0 | D:1      | Reached XP level 1. HP: 10/10 MP: 3/3
   238 | D:1      | Reached XP level 2. HP: 15/15 MP: 3/5
   414 | D:1      | Reached skill level 1 in Armour
   511 | D:1      | Reached skill level 4 in Earth Magic
   524 | D:1      | Reached XP level 3. HP: 20/20 MP: 1/6
   851 | D:1      | Learned a level 3 spell: Stone Arrow
  1235 | D:2      | HP: 1/20 [gnoll/+0 whip (8)]
  1235 | D:2      | Slain by a gnoll

Illustrated notes

Levels and vault maps discovered:
D:1:      erik_arrival_triangle_small, layout_basic, serial_curves,
          eino_curves_04, eino_curves_04
D:2:      layout_basic, uniq_jessica, uniq_robin

Skill      XL: |  1  2 |
---------------+-------+-----
Armour         | 1 |  1.2
Earth Magic    | 4 |  4.1
Fighting       | |  0.7
Maces & Flails | |  0.4
Dodging        | |  1.5
Stealth        | |  2.4
Spellcasting   | |  2.4
Transmutations | |  0.7

Action                     || total
---------------------------++-------
  Melee: Mace              ||    13
   Cast: Sandblast         ||    36
    Use: Potion            ||     1
 Armour: Robe              ||    16
  Dodge: Dodged            ||    27
